[Event "*** Titled Tuesday Blitz"]
[Site "Chess.com"]
[Date "2019.06.04"]
[Round "10"]
[White "H3nriqueTV"]
[Black "quesfr"]
[Result "1-0"]
[WhiteElo "2192"]
[BlackElo "2165"]
[TimeControl "180+2"]
[EndTime "15:18:30 PDT"]
[Termination "H3nriqueTV won by resignation"]

1. e4 e5 2. Nf3 Nc6 3. Bc4 Nf6 4. d3 Be7 5. O-O O-O 6. h3 d6 7. c3 Na5 8. Bb5 a6 9. Ba4 b5 10. Bc2 c5 11. Nbd2 Bb7 12. Re1 Re8 13. Nf1 Bf8 14.
Ng3 g6 15. d4 Qc7 16. Bg5 Bg7 17. d5 Bc8 18. Nh2 Nc4 19. b3 Nb6 20. Qf3 Nbd7 21. Bd1 a5 22. Qe3 a4 23. Bg4 axb3 24. axb3 Qb7 25.
Qf3 Rf8 26. Qe3 Nb6 27. Bxc8 Rfxc8 28. Bh6 Rxa1 29. Rxa1 Ra8 30. Rf1 Ra3 31. Bxg7 Kxg7 32. Qg5 Nbd7 33. Nf5+ Kh8 34. Nxd6 Qb8 35. Nxf7+ Kg7 36.
Nh6 Rxb3 37. N2g4 Rxc3 38. Nf5+ Kf7 39. Ngh6+ Ke8 40. Ng7+ Kd8 41. Ne6+ Kc8 42. Ng4 Nxg4 43. Qd8+ Kb7 44. Qxd7+ Kb6 45. hxg4 Qb7 46. Qd8+ 1-0

[Event "*** Titled Tuesday Blitz"]
[Site "Chess.com"]
[Date "2019.06.04"]
[Round "10"]
[White "TristanCalistri"]
[Black "FERNANDEZL1983"]
[Result "0-1"]
[WhiteElo "2258"]
[BlackElo "2439"]
[TimeControl "180+2"]
[EndTime "15:18:31 PDT"]
[Termination "FERNANDEZL1983 won by resignation"]

1. e4 Nf6 2. e5 Nd5 3. Nc3 Nxc3 4. bxc3 d5 5. d4 c5 6. Be2 Nc6 7. Nf3 Bf5 8. Rb1 Rb8 9. e6 Bxe6 10. Bf4 c4 11. Bxb8 Qxb8 12. Ng5 Bf5 13. Bh5 g6 14. Bg4 h6 15. Nh3 e6 16. Bxf5 gxf5 17. Qh5 Rg8 18. g3 b5 19. Nf4 Rg5 20. Qe2 Be7 21. h4 Rg4 22. Qf3 a6 23. h5 Qd6 24. O-O b4 25.
Rfe1 Kf8 26. Ng2 bxc3 27. Rb6 Nxd4 28. Qxg4 fxg4 29. Rxd6 Bxd6 30. Ne3 f5 31. Rb1 Kf7 32. Rb6 Bc5 33. Rxa6 Nf3+ 34. Kf1 d4 35. Nxc4 d3 36.
Na5 Nd2+ 37. Ke1 dxc2 0-1

[Event "*** Titled Tuesday Blitz"]
[Site "Chess.com"]
[Date "2019.06.04"]
[Round "10"]
[White "Bigfish1995"]
[Black "Antipov_Mikhail_Al"]
[Result "1-0"]
[WhiteElo "2971"]
[BlackElo "2886"]
[TimeControl "180+2"]
[EndTime "15:18:34 PDT"]
[Termination "Bigfish1995 won by resignation"]

1. e4 e6 2. d4 d5 3. exd5 exd5 4. Bd3 Nf6 5. c3 Be7 6. Qc2 Nbd7 7. Bf4 Nf8 8. Nd2 Ng6 9. Bg3 O-O 10. O-O-O c5 11.
dxc5 Bxc5 12. Ngf3 Qb6 13. Nb3 Be7 14. Nfd4 Bd7 15. Rhe1 Rfe8 16. Nf5 Bf8 17. Nbd4 Qa5 18. Kb1 Ba4 19. Nb3 Qb6 20. f3 a6 21. h4 Rac8 22. Bf2 Qc7 23. g4 Nd7 24. Bg3 Qb6 25.
Nfd4 h6 26. Bf5 Rcd8 27. Qh2 Ra8 28. Bc2 Qf6 29. g5 hxg5 30. hxg5 Qxg5 31. Rh1 Nf6 32.
Ka1 a5 33. Bxg6 fxg6 34. Bf4 Qh5 35. Qg2 Bxb3 36. axb3 a4 37. b4 1-0

[Event "*** Titled Tuesday Blitz"]
[Site "Chess.com"]
[Date "2019.06.04"]
[Round "10"]
[White "XiaoKangZhong"]
[Black "ethylalcohol"]
[Result "0-1"]
[WhiteElo "2257"]
[BlackElo "2040"]
[TimeControl "180+2"]
[EndTime "15:18:38 PDT"]
[Termination "ethylalcohol won by resignation"]

1. e4 e6 2. d4 d5 3. Nd2 c5 4. exd5 Qxd5 5. Ngf3 Nf6 6. Bc4 Qd6 7. O-O cxd4 8. Nb3 Nc6 9. Nbxd4 Nxd4 10. Nxd4 Qc7 11. Bb5+ Bd7 12. Bxd7+ Qxd7 13. Bf4 Be7 14. c4 O-O 15. Nb5 a6 16. Nc3 Rac8 17. b3 Rfd8 18. Qf3 Qc6 19. Qe2 b5 20. Rac1 bxc4 21. bxc4 Qxc4 22.
Qf3 Ba3 23. Rcd1 Rxd1 24. Rxd1 Qxc3 25. Qxc3 Rxc3 26. g4 Nd5 27. Be5 Rc4 28. h3 f6 29.
Bg3 Kf7 30. Kg2 Rc2 31. Rd4 Bb4 32. a4 a5 33. g5 Ra2 34. gxf6 gxf6 35. Rh4 Kg7 36.
Rg4+ Kh8 37. h4 Rxa4 38. Bd6 Ra2 39. Bxb4 axb4 40. h5 h6 41. Rg6 Kh7 42. Rg4 b3 43. Rc4 b2 0-1

[Event "*** Titled Tuesday Blitz"]
[Site "Chess.com"]
[Date "2019.06.04"]
[Round "10"]
[White "RaphCamora"]
[Black "MathiasWomacka"]
[Result "1-0"]
[WhiteElo "2444"]
[BlackElo "2287"]
[TimeControl "180+2"]
[EndTime "15:18:42 PDT"]
[Termination "RaphCamora won on time"]

1. Nf3 c5 2. e4 d6 3. d4 cxd4 4. Nxd4 Nf6 5. Nc3 a6 6. Bg5 e6 7.
f4 h6 8. Bh4 Qb6 9. Qd2 Qxb2 10. Rb1 Qa3 11. e5 dxe5 12. fxe5 g5 13. Bf2 Ng4 14. Bg3 Bg7 15. Be2 Nxe5 16. Ne4 O-O 17. h4 g4 18. Bf4 Rd8 19. c3 Nbc6 20. Bxh6 Ng6 21. Bxg7 Kxg7 22. h5 Nxd4 23. cxd4 1-0

[Event "*** Titled Tuesday Blitz"]
[Site "Chess.com"]
[Date "2019.06.04"]
[Round "10"]
[White "GadimbayliA"]
[Black "TST2014"]
[Result "1-0"]
[WhiteElo "2831"]
[BlackElo "2549"]
[TimeControl "180+2"]
[EndTime "15:18:44 PDT"]
[Termination "GadimbayliA won by resignation"]

1. Nf3 Nf6 2. b3 g6 3. Bb2 Bg7 4. e3 O-O 5. Be2 d6 6. O-O e5 7. d4 Nc6 8. dxe5 Ng4 9. c4 Ngxe5 10. Nc3 Bf5 11. Qd2 Qd7 12. Nd5 Nxf3+ 13. Bxf3 Ne5 14. Be2 a5 15. a3 a4 16. b4 Be6 17. Rac1 Qd8 18. Rfd1 b6 19. Ba1 Kh8 20. c5 bxc5 21. bxc5 dxc5 22. Rxc5 c6 23. Nf4 Bb3 24. Qxd8 Raxd8 25. Rxd8 Rxd8 26. Bxe5 f6 27. Bc3 Bf8 28. Rxc6 Bxa3 29.
Bxf6+ Kg8 30. Bxd8 Bf8 31. Bc4+ Bxc4 32. Rxc4 a3 33.
Ra4 Kf7 34. Ba5 g5 35. Bb4 Bxb4 36. Rxb4 gxf4 37. Rxf4+ Ke6 38. Ra4 1-0

[Event "*** Titled Tuesday Blitz"]
[Site "Chess.com"]
[Date "2019.06.04"]
[Round "10"]
[White "ChainsOfFantasia"]
[Black "adriangschnitzer"]
[Result "0-1"]
[WhiteElo "2478"]
[BlackElo "2465"]
[TimeControl "180+2"]
[EndTime "15:18:46 PDT"]
[Termination "adriangschnitzer won by resignation"]

1. d4 Nf6 2. c4 c5 3. d5 b5 4.
cxb5 a6 5. bxa6 g6 6. Nc3 Bg7 7. a7 Rxa7 8. e4 O-O 9. Nf3 e6 10. dxe6 fxe6 11. Bd3 d5 12. Bg5 h6 13. Bxf6 Bxf6 14. exd5 exd5 15. Bxg6 Re7+ 16. Kf1 Ba6+ 17. Bd3 c4 18. Nxd5 Rd7 19. Be4 c3+ 20. Kg1 cxb2 21.
Rb1 Re8 22. Qb3 Kh8 23. Nxf6 Qxf6 24. g3 Rxe4 25. Qxb8+ Kh7 26. Qb3 Bd3 27. Qxb2 Qxf3 28.
Rc1 Re2 29. Qb6 Rde7 30. Rf1 Be4 0-1

[Event "*** Titled Tuesday Blitz"]
[Site "Chess.com"]
[Date "2019.06.04"]
[Round "10"]
[White "kleinebeer98"]
[Black "VladDobrov"]
[Result "0-1"]
[WhiteElo "2742"]
[BlackElo "2836"]
[TimeControl "180+2"]
[EndTime "15:18:48 PDT"]
[Termination "VladDobrov won by checkmate"]

1. e4 c5 2. Nf3 Nc6 3. d4 cxd4 4.
Nxd4 Qb6 5. Nxc6 bxc6 6. Nc3 d6 7. Bd3 Nf6 8. O-O g6 9. b3 Bg7 10. Bb2 O-O 11. Qe2 Bg4 12. Qd2 a5 13. a4 Be6 14.
Rae1 Nd7 15. Kh1 Nc5 16. f4 Bc8 17. Bc4 Ba6 18. Bxa6 Qxa6 19. e5 dxe5 20. fxe5 Rad8 21. Qf2 Ne6 22. Ne4 Rd5 23. Qh4 Qb7 24. h3 c5 25.
Bc3 Qc7 26. Ng5 Nxg5 27. Qxg5 e6 28. Re2 c4 29. b4 axb4 30. Bxb4 Rb8 31. c3 Bxe5 32.
Ref2 Bd4 33. Qh6 Bxf2 34. Rxf2 Rd1+ 35. Rf1 Rxf1# 0-1

[Event "*** Titled Tuesday Blitz"]
[Site "Chess.com"]
[Date "2019.06.04"]
[Round "10"]
[White "sergeikim"]
[Black "Satscho"]
[Result "1-0"]
[WhiteElo "2417"]
[BlackElo "2270"]
[TimeControl "180+2"]
[EndTime "15:18:48 PDT"]
[Termination "sergeikim won by checkmate"]

1. d4 Nf6 2. c4 g6 3. Nc3 Bg7 4. e4 d6 5. Nge2 O-O 6. Ng3 c5 7. d5 e6 8. Be2 exd5 9. cxd5 a6 10. a4 Re8 11. O-O Nbd7 12. Bf4 Ne5 13. Qd2 Bd7 14. Bh6 Bxh6 15. Qxh6 Neg4 16. Qd2 Qe7 17.
h3 b5 18. axb5 axb5 19. Rxa8 Rxa8 20. hxg4 Bxg4 21. Nxb5 h5 22. Nc3 Bxe2 23. Qxe2 Ng4 24. f3 Ne5 25. Rd1 Qh4 26. Nf1 c4 27. Nb5 Ra2 28. Nc3 Ra5 29. Nd2 Ra6 30. Nxc4 Nxc4 31. Qxc4 Rb6 32. Qe2 Qf6 33. Qf2 Rb4 34. Ra1 Kg7 35. Ra4 Rb3 36. Qd4 Qxd4+ 37. Rxd4 Kf6 38. Rd2 Ke5 39. Kf2 h4 40. Ne2 Rb4 41. Rc2 g5 42.
Rc7 Kf6 43. Rd7 Ke5 44. Rxf7 Rxb2 45. Rf5# 1-0

[Event "*** Titled Tuesday Blitz"]
[Site "Chess.com"]
[Date "2019.06.04"]
[Round "10"]
[White "FrenchMonster2002"]
[Black "IakovUlivar"]
[Result "0-1"]
[WhiteElo "2375"]
[BlackElo "2503"]
[TimeControl "180+2"]
[EndTime "15:18:53 PDT"]
[Termination "IakovUlivar won by resignation"]

1. e4 e5 2. Nf3 Nc6 3. d4 exd4 4. Nxd4 Bb4+ 5. c3 Bc5 6. Be3 Bb6 7. Nf5 Bxe3 8. Nxe3 Nf6 9. f3 O-O 10. c4 d6 11. Nc3 Nd7 12. Be2 Nc5 13. O-O a5 14. Qd2 f5 15. exf5 Bxf5 16. Nxf5 Rxf5 17. f4 Rf8 18. Bf3 Qf6 19. Nd5 Qf7 20. Rae1 Rae8 21.
Rxe8 Rxe8 22. Re1 Rxe1+ 23. Qxe1 Nd4 24. Bg4 c6 25. Ne7+ Kf8 26. Nc8 Qf6 27. Qxa5 Ne4 28. Qc7 Ne2+ 29. Bxe2 Qd4+ 0-1

[Event "*** Titled Tuesday Blitz"]
[Site "Chess.com"]
[Date "2019.06.04"]
[Round "10"]
[White "NM2019"]
[Black "akretchetov"]
[Result "0-1"]
[WhiteElo "2106"]
[BlackElo "2349"]
[TimeControl "180+2"]
[EndTime "15:18:54 PDT"]
[Termination "akretchetov won by checkmate"]

1. c4 e6 2. Nc3 d5 3. d4 Nf6 4.
Nf3 a6 5. g3 dxc4 6. Bg2 b5 7.
Ne5 Nd5 8. a4 Bb7 9. Bxd5 exd5 10. axb5 axb5 11. Rxa8 Bxa8 12. Nxb5 f6 13. Nf3 Bc6 14.
Nc3 Bb4 15. O-O O-O 16. Bf4 Re8 17. h4 Nd7 18. h5 Nf8 19. Qd2 Qd7 20. Kg2 Qf7 21.
Rh1 Ne6 22. e3 Nxf4+ 23. exf4 Bd7 24. Ne1 Bg4 25. Nc2 Ba5 26. h6 g6 27. Re1 c6 28. Ne3 Bd7 29. Qc2 c5 30. Rd1 cxd4 31.
Rxd4 Bb6 32. Rxd5 Bc6 33. Kf1 Bxe3 34. Rd6 Qc7 35. Rxf6 Bd4 36. Rxg6+ hxg6 37. Qxg6+ Kh8 38. Ne2 Qe7 39. Nxd4 Qe1# 0-1

[Event "*** Titled Tuesday Blitz"]
[Site "Chess.com"]
[Date "2019.06.04"]
[Round "10"]
[White "lexiel"]
[Black "Saitama_Hero"]
[Result "1-0"]
[WhiteElo "2320"]
[BlackElo "2444"]
[TimeControl "180+2"]
[EndTime "15:18:57 PDT"]
[Termination "lexiel won on time"]

1. c4 Nf6 2. Nf3 Nc6 3. e3 e5 4.
a3 e4 5. Nd4 Nxd4 6. exd4 c6 7.
d3 d5 8. dxe4 dxe4 9. h3 h6 10.
Be3 Bd6 11. Nc3 O-O 12. Qc2 Re8 13. O-O-O Bf5 14. g4 Bg6 15. Be2 Qc7 16. h4 h5 17.
gxh5 Nxh5 18. Rhg1 Nf4 19. Kb1 Nxe2 20. Qxe2 f5 21.
h5 Bh7 22. h6 g6 23. c5 Be7 24. d5 Bf6 25. d6 Qf7 26. Bd4 Bxd4 27. Rxd4 Kh8 28.
Ka1 Rad8 29. Qd2 Qf6 30. Ne2 Bg8 31. Nf4 Bf7 32. Nh3 Re5 33. Ng5 Bd5 34. Qc3 Rf8 35. d7 f4 36. Rxd5 Rxd5 37. d8=Q Rdxd8 38. Qb3 Rd2 39. Qxb7 Rf7 40. Nxf7+ Kg8 41. Ng5 e3 42.
fxe3 fxe3 43. Ne4 1-0

[Event "*** Titled Tuesday Blitz"]
[Site "Chess.com"]
[Date "2019.06.04"]
[Round "10"]
[White "slowdumbb"]
[Black "SoltaniciR"]
[Result "1-0"]
[WhiteElo "2518"]
[BlackElo "2581"]
[TimeControl "180+2"]
[EndTime "15:19:01 PDT"]
[Termination "slowdumbb won by resignation"]

1. g3 c5 2. Bg2 g6 3. Nf3 Bg7 4. O-O Nc6 5. c4 d6 6. Nc3 Bf5 7. d3 Qd7 8. Rb1 Bh3 9. a3 h5 10. Bxh3 Qxh3 11. Ng5 Qd7 12. h4 Nh6 13. Bd2 f6 14. Nf3 Qh3 15. Nd5 Ng4 16. Nf4 Nxf2 17. Nxh3 Nxd1 18. Rfxd1 e5 19. b4 b6 20. bxc5 dxc5 21.
a4 O-O 22. a5 Rab8 23. Rb5 f5 24. Nhg5 Rfe8 25. e4 Red8 26. axb6 axb6 27. Be1 Rd6 28. Bf2 Nb4 29. Bxc5 Rxd3 30. Rxd3 Nxd3 31. Bxb6 Bf8 32.
Kf1 f4 33. Ne6 fxg3 34. Nxf8 Rxf8 35. Kg2 Nf4+ 36. Kxg3 Ne2+ 37. Kf2 Nf4 38. Ke3 Ng2+ 39. Ke2 Nf4+ 40. Kd2 Ng2 41. Nxe5 Nxh4 42. c5 Re8 43. Nd7 Rxe4 44. Nf6+ 1-0

[Event "*** Titled Tuesday Blitz"]
[Site "Chess.com"]
[Date "2019.06.04"]
[Round "10"]
[White "Siemba"]
[Black "Everyfishknows"]
[Result "1-0"]
[WhiteElo "2115"]
[BlackElo "2229"]
[TimeControl "180+2"]
[EndTime "15:19:05 PDT"]
[Termination "Siemba won by checkmate"]

1. e4 e5 2. Nf3 Nc6 3. Bc4 Nf6 4. Ng5 d5 5. exd5 Na5 6. Bb5+ c6 7. dxc6 bxc6 8.
Qf3 Rb8 9. Bd3 Be7 10. O-O O-O 11. Nc3 c5 12. Nge4 Bb7 13. Qh3 g6 14. Ng5 Kg7 15. Nce4 h6 16. Nxf6 Bxf6 17. Ne4 c4 18. Nxf6 Qxf6 19. Be2 h5 20. d3 cxd3 21. Bxd3 e4 22. Be2 Nc6 23. Bd2 Nd4 24. Qe3 Nxe2+ 25. Qxe2 Kh7 26. Bc3 Qa6 27. Qe3 Qb6 28. Qf4 Qe6 29.
Rad1 Rfd8 30. Rxd8 Rxd8 31. Qc7 Rd7 32. Qb8 a6 33. Qh8# 1-0

[Event "*** Titled Tuesday Blitz"]
[Site "Chess.com"]
[Date "2019.06.04"]
[Round "10"]
[White "severomorskij"]
[Black "spicycaterpillar"]
[Result "1-0"]
[WhiteElo "2817"]
[BlackElo "2852"]
[TimeControl "180+2"]
[EndTime "15:19:10 PDT"]
[Termination "severomorskij won by checkmate"]

1. d4 Nf6 2. Bg5 d5 3. Nd2 c5 4. dxc5 Na6 5. e4 Nxc5 6. exd5 Qxd5 7. Ngf3 e6 8. Bc4 Qd6 9. Qe2 Be7 10. O-O-O Qc7 11.
g4 a6 12. Bxf6 gxf6 13. Kb1 b5 14. Bd3 Bb7 15. Ne4 Nxd3 16. cxd3 b4 17. Qe3 Bd5 18. Rc1 Qd7 19. b3 a5 20. Qf4 Qd8 21. Rc7 Bxe4 22. Qxe4 O-O 23. Rhc1 a4 24. Nd4 axb3 25. axb3 Bd6 26. Nxe6 fxe6 27. Qxh7# 1-0

[Event "*** Titled Tuesday Blitz"]
[Site "Chess.com"]
[Date "2019.06.04"]
[Round "10"]
[White "PotapovaM"]
[Black "nocnypako"]
[Result "1-0"]
[WhiteElo "2525"]
[BlackElo "2550"]
[TimeControl "180+2"]
[EndTime "15:19:14 PDT"]
[Termination "PotapovaM won by resignation"]

1. d4 Nf6 2. c4 g6 3. Nc3 d5 4. cxd5 Nxd5 5. e4 Nxc3 6. bxc3 Bg7 7. Nf3 c5 8. Be3 Nc6 9. Qd2 Qa5 10. Rb1 O-O 11.
Rb5 Qa3 12. Rxc5 Rd8 13. Bc4 Bg4 14. Ng5 e6 15. h3 h6 16. Nxf7 Kxf7 17. hxg4 Qxc5 18.
dxc5 Rxd2 19. Bxd2 Ne5 20. Be2 g5 21. f4 gxf4 22. Bxf4 Rc8 23. Bxh6 Rxc5 24. O-O+ Kg6 25. Bd2 Ra5 26. Ra1 Ra3 27. Kf2 a6 28. Ke3 b5 29.
Kf2 b4 30. cxb4 Nd3+ 31. Bxd3 Bxa1 32. Bc4 Bd4+ 33. Ke2 e5 34. Bb3 Bb2 35. Kd3 1-0

[Event "*** Titled Tuesday Blitz"]
[Site "Chess.com"]
[Date "2019.06.04"]
[Round "10"]
[White "Zq1"]
[Black "LuckIsMySkill"]
[Result "1-0"]
[WhiteElo "2562"]
[BlackElo "2672"]
[TimeControl "180+2"]
[EndTime "15:19:16 PDT"]
[Termination "Zq1 won by checkmate"]

1. d4 Nf6 2. c4 e6 3. Nc3 Bb4 4. e3 b6 5. Bd3 Bb7 6. f3 c5 7.
a3 Bxc3+ 8. bxc3 d5 9. cxd5 Nxd5 10. Ne2 O-O 11. O-O Ba6 12. e4 Nf6 13. Bg5 h6 14.
Bh4 Bxd3 15. Qxd3 Nbd7 16. Rad1 cxd4 17. cxd4 Qc7 18. f4 Qb7 19. Ng3 Rac8 20. f5 Qc6 21. e5 Nd5 22. Ne4 Qc2 23. Qf3 Nc3 24. Rde1 Nxe4 25.
Rxe4 Rc3 26. Qf4 Rxa3 27. f6 Ra2 28. Bf2 gxf6 29. Qg3+ Kh7 30. Rg4 fxe5 31. Be3 exd4 32.
Bxh6 f5 33. Rg7+ Kxh6 34. Qg5# 1-0

[Event "*** Titled Tuesday Blitz"]
[Site "Chess.com"]
[Date "2019.06.04"]
[Round "10"]
[White "Slovak_fighter2000"]
[Black "WPWPWP-2015"]
[Result "0-1"]
[WhiteElo "2471"]
[BlackElo "2435"]
[TimeControl "180+2"]
[EndTime "15:19:18 PDT"]
[Termination "WPWPWP-2015 won by resignation"]

1. d4 Nf6 2. c4 e6 3. Nc3 Bb4 4. Qc2 O-O 5. a3 Bxc3+ 6. Qxc3 d5 7.
Bg5 dxc4 8. Qxc4 b6 9. Nf3 Ba6 10. Qc2 Nbd7 11. e3 Bxf1 12. Kxf1 c5 13. g3 Rc8 14.
dxc5 Nxc5 15. Bxf6 Qxf6 16. Kg2 e5 17. Qe2 e4 18.
Nd4 Nd3 19. Rad1 Qe5 20. Rd2 h5 21. Rf1 g6 22. f4 Qh8 23. f5 g5 24. f6 Rc5 25. b4 Rd5 26. Rxd3 exd3 27. Qxd3 Qh7 28.
Qb3 Qe4+ 29. Kg1 Re8 30. Rf3 g4 31. Rf4 Qxe3+ 32. Qxe3 Rxe3 33. Nf5 Rd1+ 34. Kf2 Rxa3 35. Ne7+ Kh7 36. Re4 Rd2+ 37. Ke1 Rxh2 38. Kf1 Ra1+ 0-1

[Event "*** Titled Tuesday Blitz"]
[Site "Chess.com"]
[Date "2019.06.04"]
[Round "10"]
[White "Jahonas"]
[Black "IMDT02"]
[Result "1-0"]
[WhiteElo "2367"]
[BlackElo "2463"]
[TimeControl "180+2"]
[EndTime "15:19:19 PDT"]
[Termination "Jahonas won by resignation"]

1. d4 f5 2. Nf3 Nf6 3. c4 e6 4. Nc3 Bb4 5. Bd2 O-O 6. g3 b6 7. Bg2 Bb7 8. O-O d6 9. a3 Bxc3 10. Bxc3 Ne4 11. Qc2 Nd7 12. Nd2 Ndf6 13. Nxe4 Bxe4 14.
Qd2 Bxg2 15. Kxg2 Ne4 16. Qd3 Qf6 17. Be1 Rae8 18. f3 Ng5 19. Bc3 f4 20. Bd2 e5 21.
dxe5 dxe5 22. Qd5+ Kh8 23. Bc3 Qh6 24. Rh1 Qh3+ 25.
Kf2 e4 26. Qxg5 e3+ 27. Kg1 Rf7 28. Qg4 Qh6 29. Kg2 Qd6 30. Rad1 Qc6 31. b3 a6 32.
Rd5 Kg8 33. Rhd1 b5 34. Rd7 Ree7 35. Rd8+ Rf8 36. Rxf8+ Kxf8 37. Bb4 1-0

[Event "*** Titled Tuesday Blitz"]
[Site "Chess.com"]
[Date "2019.06.04"]
[Round "10"]
[White "Zubrrr"]
[Black "FedaMaster"]
[Result "1-0"]
[WhiteElo "2723"]
[BlackElo "2570"]
[TimeControl "180+2"]
[EndTime "15:19:22 PDT"]
[Termination "Zubrrr won by resignation"]

1. c4 Nf6 2. g3 d5 3. cxd5 Nxd5 4.
Bg2 g6 5. Nc3 Nb6 6. Nf3 Bg7 7. h4 h6 8. d4 O-O 9. O-O Nc6 10. d5 Na5 11. e4 c6 12. Bf4 cxd5 13. exd5 Nac4 14. Qe2 e5 15. Bc1 e4 16. Qxe4 Re8 17.
Qf4 Bf5 18. g4 Bd3 19. Rd1 Bc2 20. Rd4 Bxd4 21. Nxd4 Re1+ 22. Kh2 Bd3 23. Qg3 Qf6 24. Qxd3 Qxh4+ 25. Qh3 Qxf2 26. Nf3 Rae8 27. Qxh6 R1e2 28. Nxe2 Rxe2 29. Qh3 Nxd5 30. Qg3 Qf1 31. b3 Nd6 32. Bb2 Qf2 33. Qxf2 Rxf2 34. Bd4 Re2 35. Re1 Rxa2 36. Kg3 f5 37. Ng5 f4+ 38. Kh3 Nb4 39. Re6 Ra6 40. Rxg6+ Kf8 41. Bc5 Ke7 42. Bxb4 Kd7 43. Bxb7 Rb6 44.
Rxd6+ Rxd6 45. Bxd6 a5 46. Nf3 a4 47. bxa4 Kxd6 48.
g5 Ke6 49. Be4 1-0

[Event "*** Titled Tuesday Blitz"]
[Site "Chess.com"]
[Date "2019.06.04"]
[Round "10"]
[White "SergeiAza"]
[Black "Astaneh"]
[Result "0-1"]
[WhiteElo "2753"]
[BlackElo "2643"]
[TimeControl "180+2"]
[EndTime "15:19:23 PDT"]
[Termination "Astaneh won by resignation"]

1. e4 e5 2. Nf3 Nc6 3. Bb5 Nf6 4.
O-O Nxe4 5. d4 Nd6 6. dxe5 Nxb5 7. a4 d6 8. e6 Bxe6 9. axb5 Ne5 10. Ng5 Qd7 11.
Nc3 Be7 12. Nxe6 fxe6 13. f4 Ng6 14. Qf3 c6 15. bxc6 bxc6 16. Qe2 O-O 17. Be3 Bf6 18. Qd3 d5 19. Ra6 e5 20. Bc5 Rfe8 21. f5 e4 22.
Nxe4 Rxe4 23. fxg6 hxg6 24. c3 Qb7 25. h3 Kh7 26. Ra2 a5 27. Kh1 a4 28. Ba3 Qb5 29. Qf3 Qe2 30. Raa1 Qxf3 31. Rxf3 Rb8 32. Rd1 Rb3 33.
Rfd3 Be5 34. Kg1 g5 35. g3 Re2 36. Rf3 Kg6 37. Rdd3 Rc2 38. Rf2 Rxf2 39. Kxf2 d4 40.
Bc5 Rxb2+ 41. Kf3 dxc3 0-1

[Event "*** Titled Tuesday Blitz"]
[Site "Chess.com"]
[Date "2019.06.04"]
[Round "10"]
[White "IIIlllII1llIl"]
[Black "GremioPrudente"]
[Result "0-1"]
[WhiteElo "2718"]
[BlackElo "2154"]
[TimeControl "180+2"]
[EndTime "15:19:26 PDT"]
[Termination "GremioPrudente won by resignation"]

1. e4 e6 2. d4 d5 3. Nc3 Nf6 4. e5 Nfd7 5. f4 c5 6. Nf3 Nc6 7. Be3 cxd4 8. Nxd4 Bc5 9. Qd2 O-O 10. O-O-O a6 11. Kb1 Nxd4 12. Bxd4 b5 13. Bxc5 Nxc5 14. Qd4 Qc7 15. f5 Rb8 16. f6 b4 17. Qg4 g6 18.
Qg5 bxc3 19. b3 Kh8 20. Bd3 Qa5 21. Qc1 Rg8 22. h4 d4 23. Rhe1 Bb7 24. g4 Bf3 25. h5 Bxd1 26. hxg6 Rxg6 27. Bxg6 fxg6 28. Rxd1 d3 29. Rh1 d2 30. Rxh7+ Kxh7 31. Qh1+ Kg8 32. f7+ Kxf7 33. Qh7+ Ke8 0-1

[Event "*** Titled Tuesday Blitz"]
[Site "Chess.com"]
[Date "2019.06.04"]
[Round "10"]
[White "penguingm1"]
[Black "cool4chess"]
[Result "1-0"]
[WhiteElo "2896"]
[BlackElo "2375"]
[TimeControl "180+2"]
[EndTime "15:19:27 PDT"]
[Termination "penguingm1 won by resignation"]

1. d4 d5 2. Bf4 c5 3. e3 Nc6 4. Nf3 Nf6 5. Nbd2 Bf5 6. dxc5 e6 7. Nd4 Bxc5 8. Nxf5 exf5 9. Nb3 Bb6 10. Bd3 Ne4 11. O-O Qf6 12. h3 Qxb2 13. Bxe4 dxe4 14. Qd6 Rd8 15. Rfb1 Qc3 16. Qa3 Qb4 17. Qb2 O-O 18.
c3 Qc4 19. Nd4 Nxd4 20. cxd4 Rc8 21. Rc1 Qd5 22. Rc2 Rc6 23. Rxc6 bxc6 24. Rc1 c5 25.
dxc5 Bxc5 26. Qb5 Rc8 27. Bc7 Rxc7 28. Qb8+ Bf8 29. Qxc7 Qxa2 30. Qd8 Qa3 31. Rc7 Qa1+ 32. Kh2 Qe5+ 33. g3 Qb2 34. Kg2 Qb4 35. Rxa7 g6 36.
Qf6 Qd6 37. Qxf7+ 1-0

[Event "*** Titled Tuesday Blitz"]
[Site "Chess.com"]
[Date "2019.06.04"]
[Round "10"]
[White "Mikhail_Golubev"]
[Black "Thjop"]
[Result "1-0"]
[WhiteElo "2500"]
[BlackElo "2571"]
[TimeControl "180+2"]
[EndTime "15:19:33 PDT"]
[Termination "Mikhail_Golubev won by resignation"]

1. e4 e6 2. d4 d5 3. Nc3 Bb4 4. e5 c5 5. a3 Bxc3+ 6. bxc3 Qa5 7.
Bd2 Qa4 8. h4 Ne7 9. h5 h6 10.
Nf3 b6 11. Rh4 c4 12. Rf4 Nbc6 13. g3 Bd7 14. Bh3 Rf8 15. Kf1 O-O-O 16. Kg1 Rde8 17.
Nh4 Nd8 18. Rc1 g5 19. hxg6 fxg6 20. Rxf8 Rxf8 21. Bxh6 Rg8 22. Bg5 Nf5 23. Nf3 Nf7 24. Bf6 Kb7 25. Ra1 Qa5 26. Qd2 Qb5 27. Kg2 Qb2 28. Rh1 Qxa3 29. Bxf5 gxf5 30. Rh7 Be8 31. Ng5 Rxg5 32. Qxg5 a5 33. Qg8 Qa4 34. Rxf7+ Bxf7 35. Qxf7+ Ka6 36. Qxe6 Qxc2 37. Qxd5 Qxc3 38. Bd8 Qd3 39. e6 c3 40. Qc6 Qe4+ 41. Qxe4 fxe4 42. Bg5 c2 43. e7 1-0

[Event "*** Titled Tuesday Blitz"]
[Site "Chess.com"]
[Date "2019.06.04"]
[Round "10"]
[White "Dr-Bassem"]
[Black "MarcoRiehle"]
[Result "0-1"]
[WhiteElo "2838"]
[BlackElo "2562"]
[TimeControl "180+2"]
[EndTime "15:19:34 PDT"]
[Termination "MarcoRiehle won on time"]

1. e4 e5 2. Nf3 Nf6 3. Nxe5 Nxe4 4. Qe2 Qe7 5. Qxe4 d6 6. d4 dxe5 7. dxe5 Nc6 8. Bb5 Bd7 9. Nc3 O-O-O 10. Be3 a6 11. Ba4 Qb4 12. Qxb4 Bxb4 13. f4 Nxe5 14. Bxd7+ Nxd7 15. Bd4 c5 16. Bxg7 Rhg8 17. Bh6 Rxg2 18. O-O-O Bxc3 19. bxc3 Nb6 20. Rxd8+ Kxd8 21. Bg5+ Kc7 22.
Re1 Rxh2 23. Re7+ Kc6 24. Rxf7 Nc4 25. Kd1 Ne3+ 26. Ke1 Nxc2+ 27. Kf1 Ne3+ 28. Ke1 h6 29.
Rf6+ Kd5 30. Rxh6 Rxa2 31. Rb6 Ke4 32. f5 Nxf5 33. Rxb7 Kd3 34. Rc7 Re2+ 35. Kd1 Rg2 36. Rd7+ Nd4 37. Be3 Kxe3 38. cxd4 cxd4 39. Ra7 Rg1+ 40.
Kc2 d3+ 41. Kc3 Rc1+ 42. Kb2 d2 0-1

[Event "*** Titled Tuesday Blitz"]
[Site "Chess.com"]
[Date "2019.06.04"]
[Round "10"]
[White "ruvat"]
[Black "SanchezKelvin"]
[Result "0-1"]
[WhiteElo "2372"]
[BlackElo "2454"]
[TimeControl "180+2"]
[EndTime "15:19:42 PDT"]
[Termination "SanchezKelvin won by resignation"]

1. d4 d5 2. c4 c6 3. Nf3 Nf6 4. Qc2 dxc4 5. Qxc4 Bf5 6. g3 e6 7. Bg2 Nbd7 8. O-O Be7 9. Qb3 Qb6 10. Nbd2 Qxb3 11. Nxb3 h6 12. Na5 O-O-O 13. Bf4 Nb6 14. Ne5 Rhf8 15. Rfd1 Nfd5 16. Bd2 Nf6 17. Bf4 g5 18. Be3 Ng4 19. Nxg4 Bxg4 20. Kf1 Bb4 21. Nb3 Nc4 22. Bc1 Bf5 23. e4 Bg6 24. a3 Be7 25.
Ke2 c5 26. Nxc5 Bxc5 27. dxc5 Rxd1 28. Kxd1 Rd8+ 29. Ke2 Na5 30. b4 Nb3 31. Rb1 Nd4+ 32. Kf1 Nb5 33. Bb2 Rd2 34. Ke1 Rc2 35. Bf3 Nc3 36.
Bxc3 Rxc3 37. Ke2 Rxa3 38. Rb2 f5 39. exf5 exf5 40. b5 Bf7 41. c6 Bc4+ 42. Kd2 Rxf3 43. Rb4 Bd5 44. Rd4 Be4 45. Ke2 Rb3 46. cxb7+ Kxb7 47.
Rd6 h5 0-1